 Dungeon Sprint DCSS version 0.20.1-1-g8b1a95d (webtiles) character file.

33639 potatolord6000 the Executioner (level 13, -9/136 HPs)
             Began as a Hill Orc Fighter on Sept 11, 2017.
             Was the Champion of Beogh.
             Mangled by a vampire knight
             ... wielding a +0 war axe
              (17 damage)
             ... in the Dungeon (Sprint VII: "The Pits").
             The game lasted 00:17:12 (4139 turns).

potatolord6000 the Executioner (Hill Orc Fighter)   Turns: 4139, Time: 00:17:13

Health: -9/136     AC: 29    Str: 29    XL:     13   Next: 72%
Magic:  25/26      EV:  8    Int:  8    God:    Beogh [******]
Gold:   83         SH: 16    Dex: 13    Spells: 12/12 levels left

rFire    . . .     SeeInvis .   w - +4 war axe (freeze)
rCold    . . .     Gourm    .   c - +0 shield
rNeg     . . .     Faith    .   v - +5 plate armour
rPois    .         Spirit   .   B - +2 hat {MR+}
rElec    .         Reflect  .   e - +0 cloak
rCorr    .         Harm     .   (no gloves)
MR       +....     NoTele   +   (no boots)
Stlth    ..........             (no amulet)
Regen    0.4/turn               r - +3 ring of protection
MPRegen  0.2/turn               t - +3 ring of dexterity

@: mighty, berserk cooldown, very slightly contaminated, slowed, very slow
A: walk on water
a: Smiting, Recall Orcish Followers, Give Item to Named Follower, Resurrection,
Renounce Religion


You were in the Dungeon.
You worshipped Beogh.
Beogh was exalted by your worship.
You were not hungry.

You visited 1 branch You collected 83 gold pieces.

Inventory:

Hand Weapons
 a - a +6 flail of protection
 w - a +4 war axe of freezing (weapon)
Armour
 c - a +0 shield (worn)
 e - a +0 cloak (worn)
 v - a +5 plate armour (worn)
 B - a +2 hat of magic resistance (worn)
Jewellery
 r - a +3 ring of protection (left hand)
 t - a +3 ring of dexterity (right hand)
Scrolls
 m - 5 scrolls of remove curse
 n - 5 scrolls of amnesia
 y - a scroll of recharging
Potions
 d - a potion of might
 h - 2 potions of haste
 i - 2 potions of magic
 j - 4 potions of berserk rage
 l - a potion of invisibility
 s - a potion of brilliance
Comestibles
 f - 9 bread rations
 p - 40 fruits
 q - 3 meat rations
 z - 7 royal jellies


   Skills:
 + Level 18.7 Fighting
 + Level 22.0 Axes
 + Level 17.3 Armour
 + Level 17.4 Shields
 + Level 19.7 Invocations


You had 12 spell levels left.
You didn't know any spells.

Dungeon Overview and Level Annotations

Branches:
Dungeon (1/1)

Altars:
Ashenzari
Cheibriados
Dithmenos
Elyvilon
Fedhas
Gozag
Hepliaklqana
Kikubaaqudgha
Makhleb
Nemelex Xobeh
Okawaru
Qazlal
Ru
Sif Muna
Trog
Uskayaw
Vehumet
Xom
Yredelemnul
Zin
The Shining One
Beogh
Jiyva
Lugonu


Message History

* * * LOW HITPOINT WARNING * * *
Something bites you but does no damage. Something hits you but does no damage.
Something bites you.
* * * LOW HITPOINT WARNING * * *
Something draws strength from your injuries!
Items here: ( )) [ a scimitar of flaming; a longbow; 12 arrows; a robe
Things that are here:
a trident; a merfolk corpse You flicker back into view.
Something hits you!
* * * LOW HITPOINT WARNING * * *
Something bites you.
* * * LOW HITPOINT WARNING * * *
Something draws strength from your injuries!
There is a huge open gate to the Steel Vault (Very Hard), spattered with blood here.
Items here: ( )) [ † a quarterstaff; a robe; a halberd; 4 tomahawks; a merfolk corpse You feel better.
Something hits you!
You die...

### .... ... # ##.#####
..#......######++#####
.........##..........#
.........##...(......#
#....Z)@)(.#....#..#
#.....)[)†.........#
#########..........#
##################..#....#..#
.............[..''..........#
................''..........#
#########'####..##..#....#..#
.#.#.#(#)#.#.#..##.)........+
#.#.#(#)#.#.##..##..).......+


You could see an adder simulacrum.

Vanquished Creatures
  An acid blob (D)
  A storm dragon (D)
  A draconian monk (D)
  An emperor scorpion (D)
  Nessos (D)
  A minotaur (D)
  A merfolk impaler (D)
  2 catoblepae (D)
  A death knight (D)
  A merfolk avatar (D)
  A two-headed ogre (D)
  An anaconda (D)
  Erica (D)
  A vampire mage (D)
  A spriggan berserker (D)
  A swamp dragon (D)
  An unseen horror (D)
  A cherub (D)
  A spriggan druid (D)
  2 flayed ghosts (D)
  2 deep elf magi (D)
  An elephant (D)
  A merfolk siren (D)
  A guardian serpent (D)
  A rust devil (D)
  A smoke demon (D)
  2 spiny frogs (D)
  An orange demon (D)
  An efreet (D)
  2 rime drakes (D)
  A troll (D)
  2 merfolk (D)
  An ice devil (D)
  2 jumping spiders (D)
  A guardian mummy (D)
  A hornet (D)
  A water elemental (D)
  2 spriggans (D)
  8 redbacks (D)
  2 tarantellas (D)
  A wraith (D)
  4 wyverns (D)
  A shadow (D)
  A fire elemental (D)
  Eustachio (D)
  A hungry ghost (D)
  3 vampire mosquitoes (D)
  A warg (D)
  An acid dragon (D)
  A water moccasin (D)
  3 floating eyes (D)
  A porcupine (D)
  An ice beast (D)
  A swamp drake (D)
  A black bear (D)
  An ogre (D)
  2 wolves (D)
  A centaur (D)
  2 big kobolds (D)
  2 earth elementals (D)
  4 killer bees (D)
  A crimson imp (D)
  A hound (D)
  A worker ant (D)
  4 gnolls (D)
  An adder (D)
  2 river rats (D)
  A white imp (D)
  An adder skeleton (D)
  A leopard gecko (D)
  A ball python (D)
  A hobgoblin (D)
  A ball python skeleton (D)
  2 frilled lizards (D)
  2 kobolds (D)
110 creatures vanquished.

Vanquished Creatures (collateral kills)
  Gastronok (D)
  A dire elephant (D)
  A blizzard demon (D)
  A minotaur (D)
  A soul eater (D)
  An eye of devastation (D)
  A guardian serpent (D)
  An ice devil (D)
  A merfolk (D)
  A wind drake (D)
  A guardian mummy (D)
  A flying skull (D)
  A tarantella (D)
  2 redbacks (D)
  A vampire mosquito (D)
  2 acid dragons (D)
  A wolf (D)
  A bullfrog (D)
  2 killer bees (D)
  A mummy (D)
23 creatures vanquished.

Vanquished Creatures (others)
  An orc warlord (D)
  A merfolk (D)
  An acid dragon (D)
  A killer bee (D)
4 creatures vanquished.

Grand Total: 137 creatures vanquished

Notes
Turn   | Place    | Note
-------+----------+-------------------------------------------
     0 | D        | potatolord6000 the Hill Orc Fighter began the quest for the Orb.
     0 | D        | Reached XP level 1. HP: 19/19 MP: 1/1
    17 | D        | Reached skill level 3 in Axes
    17 | D        | Reached XP level 2. HP: 23/28 MP: 2/2
    47 | D        | Found a bloodstained altar of Trog.
    47 | D        | Found a deep blue altar of Sif Muna.
    47 | D        | Found a viscous altar of Jiyva.
    47 | D        | Found a hazy altar of Hepliaklqana.
    47 | D        | Found an opulent altar of Gozag.
    48 | D        | Found a glowing golden altar of the Shining One.
    48 | D        | Found a glowing silver altar of Zin.
    48 | D        | Found a basalt altar of Yredelemnul.
    48 | D        | Found a shimmering altar of Xom.
    48 | D        | Found a sacrificial altar of Ru.
    48 | D        | Found a stormy altar of Qazlal.
    48 | D        | Found an iron altar of Okawaru.
    48 | D        | Found a sparkling altar of Nemelex Xobeh.
    48 | D        | Found a burning altar of Makhleb.
    48 | D        | Found a blossoming altar of Fedhas.
    48 | D        | Found a white marble altar of Elyvilon.
    48 | D        | Found a shadowy altar of Dithmenos.
    48 | D        | Found a snail-covered altar of Cheibriados.
    52 | D        | Found a roughly hewn altar of Beogh.
    52 | D        | Found a corrupted altar of Lugonu.
    52 | D        | Found a radiant altar of Vehumet.
    53 | D        | Found a shattered altar of Ashenzari.
    53 | D        | Found an ancient bone altar of Kikubaaqudgha.
    53 | D        | Found a hide-covered altar of Uskayaw.
    60 | D        | Became a worshipper of Beogh the Brigand
    78 | D        | Noticed a floating eye
    80 | D        | Paralysed by a floating eye for 2 turns
    87 | D        | Killed a floating eye
    87 | D        | Reached skill level 6 in Axes
    87 | D        | Reached skill level 5 in Armour
    87 | D        | Reached skill level 5 in Shields
    87 | D        | Reached XP level 3. HP: 37/37 MP: 2/6
    87 | D        | Reached XP level 4. HP: 44/44 MP: 2/7
    90 | D        | Reached * piety under Beogh
    91 | D        | Reached XP level 5. HP: 51/51 MP: 2/8
   143 | D        | Noticed a water moccasin
   149 | D        | Reached ** piety under Beogh
   149 | D        | Reached skill level 5 in Invocations
   151 | D        | Killed a water moccasin
   151 | D        | Reached skill level 7 in Axes
   151 | D        | Reached XP level 6. HP: 31/60 MP: 5/10
   272 | D        | Noticed a warg
   272 | D        | Noticed a floating eye
   274 | D        | Killed a warg
   274 | D        | Reached skill level 8 in Axes
   277 | D        | Noticed a hungry ghost
   280 | D        | Paralysed by a floating eye for 2 turns
   282 | D        | Killed a floating eye
   282 | D        | Reached *** piety under Beogh
   282 | D        | Reached skill level 9 in Axes
   282 | D        | Reached XP level 7. HP: 62/69 MP: 6/13
   295 | D        | Killed a hungry ghost
   337 | D        | Noticed a deep elf mage
   344 | D        | Killed a deep elf mage
   344 | D        | Reached skill level 10 in Fighting
   344 | D        | Reached skill level 10 in Axes
   344 | D        | Reached skill level 10 in Invocations
   344 | D        | Reached XP level 8. HP: 79/79 MP: 10/15
   351 | D        | Noticed a flying skull
   359 | D        | Reached **** piety under Beogh
   363 | D        | Killed a flying skull
   363 | D        | Reached skill level 11 in Axes
   764 | D        | Noticed a smoke demon
   764 | D        | Noticed an elephant
   766 | D        | Killed a smoke demon
   766 | D        | Reached skill level 10 in Armour
   766 | D        | Reached skill level 10 in Shields
   766 | D        | Reached XP level 9. HP: 89/89 MP: 12/17
   783 | D        | Killed an elephant
   918 | D        | Noticed a flayed ghost
   920 | D        | Killed a flayed ghost
   920 | D        | Reached skill level 12 in Axes
   928 | D        | Reached ***** piety under Beogh
   966 | D        | Noticed a guardian mummy
   981 | D        | Reached skill level 13 in Axes
   982 | D        | Killed a guardian mummy
   982 | D        | Reached XP level 10. HP: 76/99 MP: 19/19
  1079 | D        | Noticed an orange demon
  1092 | D        | Killed an orange demon
  1092 | D        | Reached ****** piety under Beogh
  1211 | D        | Noticed a flayed ghost
  1211 | D        | Noticed a spiny frog
  1214 | D        | Killed a flayed ghost
  1217 | D        | Reached skill level 14 in Axes
  1221 | D        | Killed a spiny frog
  1603 | D        | Killed an unseen horror
  1734 | D        | Gained Jorge as an ally
  1734 | D        | Reached XP level 11. HP: 42/108 MP: 21/21
  2073 | D        | Noticed a merfolk avatar
  2082 | D        | Killed a merfolk avatar
  2082 | D        | Reached skill level 15 in Axes
  2084 | D        | Reached skill level 15 in Invocations
  2369 | D        | Got the ring of the Final Decision {rPois rF+ SInv Stlth+}
  2523 | D        | Noticed a two-headed ogre
  2529 | D        | Killed a two-headed ogre
  2529 | D        | Reached skill level 16 in Axes
  2535 | D        | Reached skill level 15 in Fighting
  2554 | D        | Noticed Erica
  2557 | D        | Noticed a minotaur
  2572 | D        | Killed Erica
  2573 | D        | Killed a minotaur
  2573 | D        | Reached skill level 17 in Axes
  2704 | D        | Noticed Gastronok
  2718 | D        | Killed Gastronok
  2718 | D        | Reached XP level 12. HP: 98/122 MP: 24/24
  2786 | D        | Noticed an anaconda
  2803 | D        | Killed an anaconda
  2803 | D        | Reached skill level 18 in Axes
  2859 | D        | Noticed Nessos
  2859 | D        | Noticed a blizzard demon
  2859 | D        | Noticed a storm dragon
  2859 | D        | Noticed a soul eater
  2863 | D        | Killed Nessos
  2863 | D        | Reached skill level 15 in Shields
  2865 | D        | Reached skill level 15 in Armour
  2882 | D        | Killed a storm dragon
  2882 | D        | Reached skill level 19 in Axes
  2883 | D        | Killed a soul eater
  2886 | D        | Killed a blizzard demon
  3225 | D        | Noticed a death knight
  3225 | D        | Noticed a catoblepas
  3225 | D        | Noticed an acid blob
  3226 | D        | Noticed a minotaur
  3228 | D        | Noticed a vampire mage
  3233 | D        | Noticed a yellow draconian monk
  3236 | D        | Killed a catoblepas
  3269 | D        | Killed a yellow draconian monk
  3269 | D        | Reached skill level 20 in Axes
  3285 | D        | Killed a death knight
  3293 | D        | Killed an acid blob
  3293 | D        | Reached XP level 13. HP: 31/133 MP: 26/26
  3299 | D        | Reached skill level 21 in Axes
  3326 | D        | Killed a minotaur
  3757 | D        | Noticed Eustachio
  3766 | D        | Killed Eustachio
  4065 | D        | Noticed an emperor scorpion
  4065 | D        | Noticed a merfolk impaler
  4069 | D        | Killed an emperor scorpion
  4074 | D        | Killed a merfolk impaler
  4079 | D        | Noticed a dire elephant
  4094 | D        | Killed a dire elephant
  4102 | D        | Your ally Jorge died
  4123 | D        | Reached skill level 22 in Axes
  4133 | D        | Noticed a vampire knight
  4138 | D        | HP: 2/136 [something (6)]
  4139 | D        | Mangled by a vampire knight

Skill      XL: |  1  2  3  4  5  6  7  8  9 10 11 12 13 |
---------------+----------------------------------------+-----
Fighting       | 4 6 7 8 10 11 12 13 15 17 18 | 18.7
Axes           | 3 6 7 9 10 11 13 14 17 20 22 | 22.0
Shields        | 4 5 6 8 9 10 11 12 14 16 17 | 17.4
Armour         | 5 6 8 9 10 11 12 14 16 17 | 17.3
Invocations    | 4 6 8 10 11 12 14 16 18 19 | 19.7

Action                   |  1- 3 |  4- 6 |  7- 9 | 10-12 | 13-15 || total
-------------------------+-------+-------+-------+-------+-------++-------
Melee: War axe           |     7 |    25 |    57 |   172 |    47 ||   308
Invok: Smiting           |       |     4 |     9 |    29 |    20 ||    62
       Give Item to Name |       |       |       |     1 |       ||     1
       Recall Orcish Fol |       |       |       |       |     1 ||     1
  Use: Potion            |       |     1 |       |    23 |     7 ||    31
       Scroll            |       |       |       |     7 |     2 ||     9
 Stab: Distracted        |       |       |     1 |     2 |     1 ||     4
       Confused          |       |       |       |     2 |       ||     2
       Petrified         |       |       |       |       |     8 ||     8
       Invisible         |       |       |       |       |     5 ||     5
       Petrifying        |       |       |       |       |     1 ||     1
  Eat: Meat ration       |       |       |     2 |     2 |       ||     4
Armor: Scale mail        |     2 |    11 |    20 |       |       ||    33
       Plate armour      |       |       |    13 |   171 |    58 ||   242
Dodge: Dodged            |     2 |     9 |    16 |    48 |    25 ||   100
Block: Shield            |     3 |    21 |    35 |   149 |    44 ||   252
